 Dungeon Crawl Stone Soup version 0.26-b1-59-ge38874ec40 (webtiles) character file.

Game seed: 14309535322394014668

21 oldmanjim the Caller (level 3, 0/26 HPs)
             Began as a Formicid Summoner on Jan 9, 2021.
             Was a Follower of Fedhas.
             Slain by a hobgoblin (3 damage)
             ... on level 2 of the Dungeon.
             The game lasted 00:12:32 (2072 turns).

oldmanjim the Caller (Formicid Summoner)            Turns: 2072, Time: 00:12:32

Health: 0/26       AC:  3    Str: 13    XL:     3   Next: 2%
Magic:  6/6        EV: 11    Int: 14    God:    Fedhas [*.....]
Gold:   186        SH:  0    Dex: 11    Spells: 5/6 levels left

rFire    . . .     SeeInvis +   a - +0 dagger
rCold    . . .     Faith    .   (no shield)
rNeg     . . .     Spirit   .   f - +0 leather armour
rPois    .         Reflect  .   (helmet unavailable)
rElec    .         Harm     .   (no cloak)
rCorr    .         Rampage  .   (no gloves)
Will     .....                  (no boots)
Stlth    ++........             (no amulet)
HPRegen  0.08/turn              (no ring)
MPRegen  0.10/turn              (no ring)

@: no status effects
A: permanent stasis, dig shafts and tunnels, four strong arms, antennae 3
a: Dig, Shaft Self, Renounce Religion


You were on level 2 of the Dungeon.
You worshipped Fedhas.
Fedhas was aware of your devotion.
You visited 1 branch of the dungeon, and saw 2 of its levels.

You collected 186 gold pieces.

Inventory:

Hand Weapons
 a - a +0 dagger (weapon)
 h - a +0 hand axe
Missiles
 c - 30 stones
 g - 17 sling bullets
Armour
 e - a +0 robe
 f - a +0 leather armour (worn)
 k - a +0 chain mail
Jewellery
 l - an uncursed ring of wizardry {unknown}
Scrolls
 b - 3 scrolls of identify {unknown}
 d - a scroll of remove curse {unknown}
 i - a scroll of teleportation {unknown}
Potions
 j - 2 potions of curing {unknown}


   Skills:
 * Level 1.4 Fighting
 + Level 0.2 Short Blades
 + Level 0.7 Armour
 - Level 1.7 Dodging
 + Level 3.0 Stealth
 - Level 2.2 Spellcasting
 - Level 4.1 Summonings


You had 5 spell levels left.
You knew the following spells:

 Your Spells              Type           Power        Failure   Level
a - Summon Small Mammal   Summ           52%          5%          1

Your spell library contained the following spells:

 Spells                   Type           Power        Failure   Level
 Call Imp                 Summ           13%          9%          2
 Call Canine Familiar     Summ           13%          17%         3
 Summon Guardian Golem    Hex/Summ       7%           36%         3
 Summon Ice Beast         Ice/Summ       7%           77%         4
 Summon Lightning Spire   Summ/Air       7%           77%         4


Dungeon Overview and Level Annotations

Branches:
Dungeon (2/15)

Altars:
Fedhas


Innate Abilities, Weirdness & Mutations

You cannot be hasted, slowed, berserked, paralysed or teleported.
You can dig through walls and to a lower floor.
Your four strong arms can wield two-handed weapons with a shield.
You have a pair of large antennae on your head. (SInv)


Message History

You hit the hobgoblin but do no damage. The hobgoblin hits you.
You hit the hobgoblin.
The hobgoblin is moderately wounded.
The hobgoblin hits you.
* * * LOW HITPOINT WARNING * * *
You hit the hobgoblin.
The hobgoblin is severely wounded.
The hobgoblin hits you.
* * * LOW HITPOINT WARNING * * *
You barely miss the hobgoblin.
The hobgoblin is severely wounded.
The hobgoblin closely misses you.
You barely miss the hobgoblin.
The hobgoblin is severely wounded.
The hobgoblin closely misses you.
You barely miss the hobgoblin.
The hobgoblin is severely wounded.
The hobgoblin hits you.
You die...
Fedhas appreciates your contribution to the ecosystem.

# #...#####.....######
+.#######...##.)........)...
#...........#..÷#.....######
#.........#...####### #..#
###.........#...#########..#
................†>.........#
###.........#...#.#..<##...#
#.......###...#..........#
#####.#.g@...##.....##.#.# #
#.####...##......#.#.# #. {
#.# #........##.#.#.# #...
#.####...#....##.#.#.#
.....#.......##....##.#.#.#
..............##.......#.#.#
....#.##......##..#.####.#.#
#......<.#.....#..#.#....#.#
#####....#.###.#..#.#.#..#†#


You could see a hobgoblin.

Vanquished Creatures
  3 goblins
  3 hobgoblins
  2 bats
  3 frilled lizards
  5 kobolds
  3 rats
19 creatures vanquished.

Vanquished Creatures (collateral kills)
  A goblin (D:1)
  3 hobgoblins (D:1)
4 creatures vanquished.

Vanquished Creatures (others)
  3 fungi (D:2)
  5 toadstools (D:2)
8 creatures vanquished.

Grand Total: 31 creatures vanquished

Notes
Turn   | Place    | Note
-------+----------+-------------------------------------------
     0 | D:1      | oldmanjim the Formicid Summoner began the quest for the
                  | Orb.
     0 | D:1      | Reached XP level 1. HP: 13/13 MP: 3/3
  1031 | D:1      | Reached skill level 1 in Fighting
  1031 | D:1      | Reached XP level 2. HP: 21/21 MP: 5/5
  1635 | D:2      | Found a faded altar of an unknown god.
  1666 | D:2      | Became a worshipper of Fedhas Madash
  1666 | D:2      | Reached * piety under Fedhas
  2062 | D:2      | Reached XP level 3. HP: 13/26 MP: 6/6
  2072 | D:2      | Slain by a hobgoblin

Illustrated notes

Levels and vault maps discovered:
D:1:      psy_arrival_dodecagon, layout_loops_cross,
          chequers_serial_rivers_room_a
D:2:      layout_basic, chequers_ecumenical_altar_simple_redux,
          minmay_gold_behind_fungi, kennysheep_minor_cross

Skill      XL: |  1  2 |
---------------+-------+-----
Fighting       | 1 |  1.4
Stealth        | 3 |  3.0
Short Blades   | |  0.2
Armour         | |  0.7
Dodging        | |  1.7
Spellcasting   | |  2.2
Summonings     | |  4.1

Action                   || total
-------------------------++-------
Melee: Unarmed           ||    11
       Dagger            ||   104
 Cast: Summon Small Mamm ||     9
 Stab: Sleeping          ||     4
Armor: Robe              ||     2
       Leather armour    ||    22
Dodge: Dodged            ||    56
